 Dungeon Crawl Stone Soup version 0.31.0-11-ge490571c62 (webtiles) character file.

Game seed: 5316209871085471603

4118 Ashen the Ruffian (level 10, -1/98 HPs)
             Began as a Troll Shapeshifter on Feb 1, 2024.
             Was a Follower of Uskayaw.
             Slain by a killer bee (6 damage)
             ... on level 8 of the Dungeon.
             The game lasted 00:20:16 (7162 turns).

Ashen the Ruffian (Troll Shapeshifter)              Turns: 7162, Time: 00:20:17

Health: -1/98      AC:  4    Str: 24    XL:     10   Next: 6%
Magic:  12/12      EV: 12    Int:  6    God:    Uskayaw [*.....]
Gold:   190        SH:  0    Dex: 13    Spells: 9/9 levels left

rFire   . .          .
                       - Unarmed
rCold   . . .        (no shield)
rNeg    . . .        a - +0 animal skin
rPois   .            (helmet currently unavailable)
rElec   .            (cloak currently unavailable)
rCorr   .            (gloves unavailable)
SInv    .            (boots unavailable)
Will    .....        (no amulet)
Stlth   +            (no ring)
HPRegen 1.16/turn    (no ring)
MPRegen 0.13/turn

%: no passive effects
@: lethally poisoned (-1 -> -4), beast-form
A: beast (slay +3), large, unfitting armour, claws 3, regeneration 1, shaggy fur
1, tough skin 1
a: Begin Untransformation, Renounce Religion, Stomp


You were on level 8 of the Dungeon.
You worshipped Uskayaw.
Uskayaw was noncommittal.
You were a hulking beast.
You visited 1 branch of the dungeon, and saw 8 of its levels.
You also visited: Sewer and Ossuary.

You collected 407 gold pieces.
You spent 217 gold pieces at shops.

Inventory:

Missiles
 t - a throwing net (quivered)
Armour
 a - a +0 animal skin (worn)
 A - +1 storm dragon scales
Jewellery
 o - a +4 ring of slaying
 z - a ring of wizardry
 K - a ring of flight
 L - an amulet of reflection
 M - a +6 ring of dexterity
Talismans
 c - a beast talisman
 d - a flux talisman
 O - a blade talisman
Wands
 j - a wand of charming (6)
 y - a wand of quicksilver (16)
Scrolls
 e - a scroll of acquirement {unknown}
 g - a scroll of enchant armour {unknown}
 h - a scroll of fear {unknown}
 l - 4 scrolls of identify {unknown}
 m - 2 scrolls of torment {unknown}
 r - a scroll of silence {unknown}
 s - a scroll of fog {unknown}
 v - 4 scrolls of poison {unknown}
 x - 3 scrolls of revelation
 B - a scroll of brand weapon {unknown}
 C - a scroll of amnesia {unknown}
 D - 3 scrolls of teleportation {unknown}
 E - 2 scrolls of immolation
 F - a scroll of summoning {unknown}
 I - a scroll of noise {unknown}
 J - a scroll of enchant weapon {unknown}
 N - a scroll of blinking {unknown}
Potions
 f - 2 potions of attraction {unknown}
 i - 4 potions of haste {unknown}
 k - 5 potions of brilliance {unknown}
 n - 3 potions of mutation {unknown}
 p - 3 potions of resistance {unknown}
 q - 4 potions of degeneration {unknown}
 u - 4 potions of might {unknown}
 G - 2 potions of heal wounds {unknown}
 H - a potion of enlightenment {unknown}


   Skills:
 + Level 5.6 Fighting
 + Level 5.9 Dodging
 + Level 7.5 Unarmed Combat
 + Level 4.5 Invocations
 + Level 6.9 Shapeshifting


You had 9 spell levels left.
You didn't know any spells.
Your spell library contained the following spells:

 Spells                   Type           Power      Damage    Failure   Level
 Apportation              Tloc           0%         N/A       45%         1
 Jinxbite                 Hex            0%         N/A       58%         2
 Inner Flame              Hex/Fire       0%         N/A       83%         3
 Alistair's Intoxication  Alch           0%         N/A       100%        5
 Irradiate                Conj/Alch      0%         3d11      100%        5
 Ignition                 Fire           0%         3d3       100%        8


Dungeon Overview and Level Annotations

Branches:
Dungeon (8/15)             Temple (0/1) D:7            Lair (0/5) D:8
  Sewer (visited)         Ossuary (visited)

Altars:
Hepliaklqana
Okawaru
Ru
Sif Muna
Trog
Uskayaw
Zin
The Shining One

Shops:
D:7 ((:*

Annotations:
D:5 2 transporters
D:6 1 runed translucent door, shadizar's ghost, amateur DjFE
D:8 Prince Ribbit


Innate Abilities, Weirdness & Mutations

You are a hulking beast.
Your limbs bulge with bestial killing power. (Slay +3)
You are too large for most types of armour.
You have claws for hands.
Your natural rate of healing is unusually fast.
You are covered in fur. (AC +1)
You have tough skin. (AC +1)


Message History

Unknown command.
Found a stone staircase leading down.
You feel very sick. The killer bee barely misses you.
The orc attacks as it pursues you! The orc hits you but does no damage.
You feel very sick.
The killer bee attacks as it pursues you!
The killer bee stings you.
* * * LOW HITPOINT WARNING * * *
You are more poisoned.
The killer bee poisons you!
The killer bee stings you but does no damage.
You barely miss the killer bee.
You feel very sick. The killer bee stings you.
* * * LOW HITPOINT WARNING * * *
You are lethally poisoned!
The killer bee poisons you!
You can no longer pass through a line of other dancers.
You feel better. The killer bee closely misses you.
Prince Ribbit blinks!
You barely miss the killer bee. The killer bee closely misses you. x2
The killer bee barely misses you.
You miss the killer bee. The killer bee stings you.
* * * LOW HITPOINT WARNING * * *
The killer bee barely misses you. The killer bee closely misses you.
The killer bee stings you.
* * * LOW HITPOINT WARNING * * *
You are poisoned.
The killer bee poisons you!
You completely miss the killer bee.
You feel sick. The killer bee stings you.
* * * LOW HITPOINT WARNING * * *
You are more poisoned.
The killer bee poisons you! The killer bee closely misses you.
An orc comes into view. It is wielding a +0 whip.
The killer bee closely misses you.
You miss the killer bee.
The sentinel's mark upon you fades away.
* * * LOW HITPOINT WARNING * * *
You feel sick. The killer bee stings you.
You die...

#.... #.......#
#.......# ####
#....... ...##
#.....## ....##
##......# .....#
#.......### ....[#
#......oyy###
.....#
#..))...#h..#
....##
##.)...####o#
...### ##...#### >.
.....####.>.......
...
.###.........(....
##.
...#####...........
.#.... #.####..####
.####.##.#####...
.##............###


You could see 2 killer bees and 2 orcs.

Vanquished Creatures
  A two-headed ogre (D:7)
  Edmund (D:5)
  2 water moccasins
  An ice beast (D:6)
  4 sky beasts
  2 centaurs
  2 kobold brigands
  2 bullfrogs
  4 scorpions
  A wight (Ossuary)
  7 killer bees
  2 howler monkeys (D:7)
  4 centaur skeletons (Ossuary)
  7 orc priests
  3 bombardier beetles
  A hound (D:6)
  2 jellies
  2 gnoll boudas
  2 spectral scorpions (Ossuary)
  A sleepcap (D:4)
  8 orc wizards
  3 iguanas
  A crocodile zombie (Ossuary)
  9 mummies (Ossuary)
  Robin (D:4)
  25 gnolls
  9 adders
  A white imp (D:6)
  14 dart slugs
  5 ribbon worms
  38 orcs
  12 endoplasms
  17 giant cockroaches
  21 goblins
  14 hobgoblins
  10 jackals
  49 kobolds
  4 quokkas
  14 ball pythons
  6 bats
  8 frilled lizards
  3 gnoll skeletons (Ossuary)
  An orc skeleton (Ossuary)
  7 rats
  10 spectral rats (Ossuary)
341 creatures vanquished.

Vanquished Creatures (others)
  A gnoll (D:3)
  A kobold (D:3)
2 creatures vanquished.

Grand Total: 343 creatures vanquished

Notes
Turn   | Place    | Note
-------+----------+-------------------------------------------
     0 | D:1      | Ashen the Troll Shapeshifter began the quest for the Orb.
     0 | D:1      | Reached XP level 1. HP: 18/18 MP: 0/0
    58 | D:1      | Reached skill level 1 in Fighting
   171 | D:1      | Reached XP level 2. HP: 26/27 MP: 1/1
   753 | D:2      | Reached XP level 3. HP: 33/33 MP: 2/2
   827 | D:2      | Reached XP level 4. HP: 25/41 MP: 3/3
  1215 | D:2      | Found a hazy altar of Hepliaklqana.
  1507 | D:3      | Found a faded altar of an unknown god.
  1627 | D:3      | Reached XP level 5. HP: 40/49 MP: 4/4
  1847 | D:3      | Reached skill level 4 in Unarmed Combat
  1913 | D:3      | Reached XP level 6. HP: 59/59 MP: 5/5
  1944 | D:3      | HP: 1/59 [gnoll/+0 spear (6)]
  2853 | D:4      | Found an iron altar of Okawaru.
  2908 | D:4      | Reached XP level 7. HP: 67/67 MP: 6/6
  3103 | D:4      | Reached skill level 5 in Unarmed Combat
  3493 | D:4      | You fall into a shaft and drop 3 floors!
  3565 | D:6      | Found a runed translucent door.
  3576 | D:6      | Found a hide-covered altar of Uskayaw.
  3589 | D:6      | Became a worshipper of Uskayaw the Reveller
  3631 | D:6      | Found a hazy altar of Hepliaklqana.
  3641 | D:6      | Reached * piety under Uskayaw
  3642 | D:6      | Reached skill level 5 in Shapeshifting
  3722 | D:6      | Reached ** piety under Uskayaw
  3751 | D:6      | Reached *** piety under Uskayaw
  3763 | D:5      | Entered Level 5 of the Dungeon
  3786 | D:5      | Noticed Edmund
  3796 | D:5      | Killed Edmund
  3797 | D:5      | Reached skill level 1 in Invocations
  3797 | D:5      | Reached XP level 8. HP: 59/78 MP: 7/7
  3871 | D:5      | Found a glowing drain.
  3880 | Sewer    | Entered a sewer
  4084 | Sewer    | Reached **** piety under Uskayaw
  4237 | D:5      | Found a transporter.
  4242 | D:5      | Found a glowing silver altar of Zin.
  4252 | D:5      | Found a transporter.
  4382 | D:5      | Found a bloodstained altar of Trog.
  4398 | D:5      | Found a sand-covered staircase.
  4406 | Ossuary  | Entered an ossuary
  4462 | Ossuary  | Reached skill level 6 in Unarmed Combat
  4857 | D:5      | Found a sacrificial altar of Ru.
  5167 | D:4      | Found a shimmering blue altar of Sif Muna.
  5463 | D:4      | Noticed Robin
  5468 | D:4      | Killed Robin
  5634 | D:6      | Reached XP level 9. HP: 70/85 MP: 10/10
  5638 | D:6      | Reached skill level 5 in Dodging
  6069 | D:6      | Noticed shadizar's ghost (amateur DjFE)
  6191 | D:7      | Found Delioqad's Antique Weapon Shop.
  6198 | D:7      | Reached skill level 5 in Fighting
  6237 | D:7      | Found Jumyexec's Book Emporium.
  6289 | D:7      | Found a staircase to the Ecumenical Temple.
  6302 | D:7      | Found Ilaawk's General Store.
  6310 | D:7      | Noticed a two-headed ogre
  6317 | D:7      | Killed a two-headed ogre
  6318 | D:7      | Reached skill level 7 in Unarmed Combat
  6325 | D:7      | Reached ***** piety under Uskayaw
  6351 | D:7      | Bought a scroll of revelation for 112 gold pieces
  6351 | D:7      | Bought a scroll of immolation for 60 gold pieces
  6351 | D:7      | Bought a potion of curing for 45 gold pieces
  6502 | D:7      | Found Yfupn's Antique Weapon Emporium.
  6555 | D:7      | Found a glowing golden altar of the Shining One.
  6837 | D:8      | Found a staircase to the Lair.
  6987 | D:8      | Reached XP level 10. HP: 88/97 MP: 12/12
  7133 | D:8      | Noticed Prince Ribbit
  7162 | D:8      | Slain by a killer bee

Illustrated notes

Levels and vault maps discovered:
D:1:      dpeg_arrival_tiny_j, layout_loops_ring, chequers_garden
D:2:      minmay_evil_eye, layout_rooms, basic_altar, minivault_26, wad_orctagon
D:3:      minmay_goblin_kobold_castle, layout_loops_corners, serial_glass,
          glass_columns_a, glass_columns_b, glass_columns_a, glass_columns_c,
          glass_columns_b, glass_columns_a, glass_columns_b, glass_columns_c,
          glass_columns_b, glass_columns_c, shapermc_ecumenical_altar_gd
D:4:      kennysheep_goblin_castle, layout_gridville,
          mainiacjoe_overflow_boulevard, lemuel_blue_sif_altar, minmay_vboxes
D:5:      layout_loops_ring, trog_book, gammafunk_temple_overflow_arena,
          nicolae_ru_awakened_eye, gup_sewer_entry_bubbles, enter_ossuary_3,
          chequers_decorated_corner, minmay_misc_feat_more_columns, uniq_edmund
D:6:      layout_rooms, mainiacjoe_overflow_catwalk,
          mainiacjoe_overflow_24_doors, ebering_ghost_sewer_d,
          kennysheep_pointless_box, kennysheep_generic_room_6
D:7:      layout_cave_pools, nicolae_tso_swordbearing_angel,
          minmay_temple_entry_large_hall, serial_shops, shop, shop, shop,
          nicolae_shop_tiny_glass
D:8:      layout_rooms, demons_altar, dpeg_oklobed_lair, uniq_prince_ribbit1

Skill      XL: |  1  2  3  4  5  6  7  8  9 |
---------------+----------------------------+-----
Fighting       | 1 2 3 4 5 |  5.6
Dodging        | 2 3 4 5 |  5.9
Unarmed Combat | 4 5 6 7 |  7.5
Shapeshifting  | 4 5 6 |  6.9
Invocations    | 1 2 4 |  4.5

Action                     |  1- 3 |  4- 6 |  7- 9 | 10-12 || total
---------------------------+-------+-------+-------+-------++-------
  Melee: Unarmed           |    54 |   259 |   422 |    26 ||   761
         Punch             |       |     3 |     6 |       ||     9
 Invoke: Stomp             |       |       |       |     1 ||     1
  Evoke: Wand              |       |     3 |     1 |       ||     4
    Use: Potion            |       |       |       |     4 ||     4
   Stab: Paralysed         |       |       |    12 |     2 ||    14
         Sleeping          |       |       |     1 |       ||     1
 Armour: Animal skin       |    22 |   202 |   245 |    51 ||   520
         Skin              |       |       |       |    10 ||    10
  Dodge: Dodged            |    26 |   160 |   194 |    44 ||   424
